 Dungeon Crawl Stone Soup version 0.31.0-11-ge490571c62 (webtiles) character file.

Game seed: 13586742421343159187

112 qw the Skirmisher (level 4, -3/25 HPs)
             Began as a Deep Elf Hunter on Feb 4, 2024.
             Incinerated by a bombardier beetle (5 damage)
             ... with a burning spray
             ... on level 3 of the Dungeon.
             The game lasted 00:00:26 (1076 turns).

qw the Skirmisher (Deep Elf Hunter)                 Turns: 1076, Time: 00:00:26

Health: -3/25      AC:  7    Str: 10    XL:     4   Next: 63%
Magic:  6/6        EV: 11    Int: 14    God:
Gold:   121        SH:  0    Dex: 18    Spells: 3/3 levels left

rFire   . . .        a - +2 shortbow
rCold   . . .        (shield currently unavailable)
rNeg    . . .        d - +0 ring mail
rPois   .            (no helmet)
rElec   .            (no cloak)
rCorr   .            (no gloves)
SInv    .            i - +1 pair of boots
Will    .....        (no amulet)
Stlth   +            (no ring)
HPRegen 0.24/turn    (no ring)
MPRegen 0.10/turn

%: no passive effects
@: on fire, glowing
A: no striking features
a: no special abilities


You were on level 3 of the Dungeon.
You visited 1 branch of the dungeon, and saw 3 of its levels.

You collected 121 gold pieces.


   Skills:
 - Level 1.5 Fighting
 + Level 8.1 Ranged Weapons
 - Level 2.4 Dodging
 - Level 1.2 Stealth


You had 3 spell levels left.
You didn't know any spells.
Your spell library was empty.

Inventory:

Hand Weapons
 a - a +2 shortbow (weapon)
Armour
 d - a +0 ring mail (worn)
 i - a +1 pair of boots (worn)
Potions
 e - 2 potions of resistance

Dungeon Overview and Level Annotations

Branches:
Dungeon (3/15)

Altars:


Message History

The burning spray hits you.
You are covered in liquid fire!
You shoot an arrow.
The arrow completely misses the bombardier beetle.
The liquid fire burns you!
You shoot an arrow. The arrow hits the bombardier beetle.
The bombardier beetle is severely wounded.
The liquid fire burns you!
The bombardier beetle sprays incendiary fluid at you.
The burning spray hits you.
You are even more covered in liquid fire!
You shoot an arrow.
The arrow barely misses the bombardier beetle.
The liquid fire burns you!
You shoot an arrow.
The arrow barely misses the bombardier beetle.
The liquid fire burns you!
1070 ||| DRINKING potion of heal wounds.
You feel much better. The liquid fire burns you!
You shoot an arrow.
The arrow hits the bombardier beetle but does no damage.
The bombardier beetle is severely wounded.
The liquid fire burns you!
You shoot an arrow. The arrow hits the bombardier beetle.
The bombardier beetle is almost dead.
The liquid fire burns you!
The bombardier beetle bites you but does no damage.
You shoot an arrow. The arrow hits the bombardier beetle.
The bombardier beetle is almost dead.
The liquid fire burns you!
You shoot an arrow. The arrow hits the bombardier beetle.
You kill the bombardier beetle!
The liquid fire burns you!
Your Ranged Weapons skill increases to level 8!
You are on fire!
The liquid fire burns you!
You are on fire!
The liquid fire burns you!
You die...

.### ...
######.)
#....#.#
#.##.#.######
#.##.#.#....#
#.#..@....#.#
#.####.#....#
#...........#
#....#.#....#
#.##.<.#...##
.........#
....
.##.#....#
..##.
#...[.... ..
#.....#.#.
...


There were no monsters in sight!

Vanquished Creatures
  A bombardier beetle (D:3)
  Jessica (D:2)
  An adder (D:2)
  3 dart slugs
  4 endoplasms
  A giant cockroach (D:1)
  2 goblins (D:1)
  A hobgoblin (D:1)
  2 quokkas
  6 ball pythons
  7 bats
  2 frilled lizards
  2 kobolds (D:1)
  8 rats
41 creatures vanquished.

Notes
Turn   | Place    | Note
-------+----------+-------------------------------------------
     0 | D:1      | qw the Deep Elf Hunter began the quest for the Orb.
     0 | D:1      | Reached XP level 1. HP: 12/12 MP: 3/3
     0 | D:1      | 0 ||| qw: Version: 0.3-a-160-g6735b56
     0 | D:1      | 0 ||| qw: Game counter: 5677
     0 | D:1      | 0 ||| qw: Melee chars always use a shield: true
     0 | D:1      | 0 ||| qw: God list: Okawaru
     0 | D:1      | 0 ||| qw: Allow faded altars: false
     0 | D:1      | 0 ||| qw: Do Orc after clearing Dungeon:15 true
     0 | D:1      | 0 ||| qw: Do second Lair branch before Depths: true
     0 | D:1      | 0 ||| qw: Lair rune preference: random
     0 | D:1      | 0 ||| qw: Goals: Normal
     0 | D:1      | 0 ||| PLANNING D:1-11
   103 | D:1      | Reached skill level 6 in Ranged Weapons
   103 | D:1      | Reached XP level 2. HP: 16/16 MP: 4/4
   395 | D:1      | 395 ||| UPGRADING to +0 ring mail.
   405 | D:1      | 405 ||| DROPPING +0 leather armour.
   406 | D:1      | 406 ||| UPGRADING to +0 pair of boots.
   411 | D:1      | 411 ||| READING scroll labelled WAXAWASTR LYNT.
   412 | D:1      | 412 ||| READING scroll labelled PES KI ZALU.
   413 | D:1      | 413 ||| READING scroll labelled QAANUU QEERR.
   413 | D:1      | 413 ||| IDENTIFYING bubbling red potion
   414 | D:1      | 414 ||| DROPPING scroll of butterflies.
   518 | D:2      | Reached XP level 3. HP: 20/20 MP: 5/5
   570 | D:2      | Found a faded altar of an unknown god.
   727 | D:2      | Reached skill level 7 in Ranged Weapons
   817 | D:2      | Noticed Jessica
   819 | D:2      | 819 ||| DRINKING potion of haste.
   824 | D:2      | Killed Jessica
   825 | D:2      | Reached XP level 4. HP: 22/25 MP: 6/6
   940 | D:2      | 940 ||| READING 3 scrolls of identify.
   940 | D:2      | 940 ||| IDENTIFYING red potion
   941 | D:2      | 941 ||| READING 2 scrolls of identify.
   941 | D:2      | 941 ||| IDENTIFYING 2 amethyst potions
   942 | D:2      | 942 ||| READING scroll of identify.
   942 | D:2      | 942 ||| IDENTIFYING scroll labelled UTHRAA QEKUJUDWEA
   943 | D:2      | 943 ||| READING scroll of enchant armour.
   943 | D:2      | 943 ||| ENCHANTING +0 pair of boots.
   944 | D:2      | 944 ||| READING scroll labelled NIN UGRYGEPSO.
   945 | D:2      | 945 ||| READING 2 scrolls labelled RORGHY QUGA.
   945 | D:2      | 945 ||| ENCHANTING +0 shortbow.
   946 | D:2      | 946 ||| READING scroll of enchant weapon.
   946 | D:2      | 946 ||| ENCHANTING +1 shortbow.
   947 | D:2      | 947 ||| READING scroll labelled QUCVIALLOREBB.
   949 | D:2      | 949 ||| Stepping ~*~*~tactically~*~*~ (cloud).
  1069 | D:3      | HP: 4/25 [burnt (5)]
  1070 | D:3      | 1070 ||| DRINKING potion of heal wounds.
  1075 | D:3      | Reached skill level 8 in Ranged Weapons
  1075 | D:3      | HP: 1/25 [burnt (6)]
  1076 | D:3      | Incinerated by a bombardier beetle

Levels and vault maps discovered:
D:1:      minmay_arrival_solitary_statue, layout_rooms, minivault_24
D:2:      layout_rooms, hellmonk_ecumenical_altar_zigzags, st_stairs_3,
          nrook_loot_triangle, uniq_jessica
D:3:      layout_basic, mainiacjoe_overflow_concentric_impassable,
          grunt_temple_overflow_open, grunt_decor_fettered

Skill      XL: |  1  2  3  4 |
---------------+-------------+-----
Ranged Weapons | 6 7 8 |  8.1
Fighting       | |  1.5
Dodging        | |  2.4
Stealth        | |  1.2

Action                     |  1- 3 |  4- 6 || total
---------------------------+-------+-------++-------
   Fire: Shortbow          |    97 |    15 ||   112
    Use: Scroll            |     3 |     8 ||    11
         Potion            |     1 |     1 ||     2
 Armour: Leather armour    |    13 |       ||    13
         Ring mail         |     5 |     1 ||     6
  Dodge: Dodged            |    22 |     1 ||    23

Table legend:
 A = Non-vault XP
 B = Vault XP
 C = Vault XP percentage of total XP
 D = Non-vault monster count
 E = Vault monster count
 F = Vault count percentage of total count
                 A         B        C        D         E       F
            +---------+---------+-------+---------+---------+-------
      Total |     119 |      41 |  25.6 |      37 |       4 |   9.8
            +---------+---------+-------+---------+---------+-------
        D:1 |      36 |       0 |   0.0 |      22 |       0 |   0.0
        D:2 |      33 |      41 |  55.4 |      12 |       4 |  25.0
        D:3 |      50 |       0 |   0.0 |       3 |       0 |   0.0
            +---------+---------+-------+---------+---------+-------
